 Dungeon Crawl Stone Soup version 0.23.2-33-g5129a83 (webtiles) character file.

Game seed: 14879381336343507041

49 Gadfly the Conjurer (level 3, 0/27 HPs)
             Began as a Demigod Conjurer on July 9, 2019.
             Slain by Sigmund
             ... wielding a +2 antimagic scythe
              (18 damage)
             ... on level 2 of the Dungeon.
             The game lasted 00:04:54 (1564 turns).

Gadfly the Conjurer (Demigod Conjurer)              Turns: 1564, Time: 00:04:55

Health: 0/27       AC:  2    Str: 11    XL:     3   Next: 33%
Magic:  8/9        EV: 12    Int: 21    God:
Gold:   13         SH:  0    Dex: 16    Spells: 3/6 levels left

rFire    . . .     SeeInvis .   a - +2 whip (drain)
rCold    . . .     Gourm    .   (no shield)
rNeg     . . .     Faith    .   g - +0 robe
rPois    .         Spirit   .   (no helmet)
rElec    .         Reflect  .   (no cloak)
rCorr    .         Harm     .   (no gloves)
MR       .....                  (no boots)
Stlth    +.........             (no amulet)
HPRegen  0.09/turn              (no ring)
MPRegen  0.11/turn              (no ring)

@: confused, drained
A: high mp 1
a: no special abilities


You were on level 2 of the Dungeon.
You were not hungry.

You visited 1 branch of the dungeon, and saw 2 of its levels.

You collected 13 gold pieces.

Inventory:

Hand Weapons
 a - a +2 whip of draining (weapon)
Missiles
 e - 5 stones (quivered)
Armour
 g - a +0 robe (worn)
Scrolls
 d - a scroll of fear {unknown}
 f - a scroll of enchant armour {unknown}
 h - a scroll of immolation {unknown}
Comestibles
 b - a chunk of flesh
 c - 2 rations


   Skills:
 + Level 0.6(0.0) Fighting
 * Level 2.3(1.6) Dodging
 - Level 1.7(1.0) Stealth
 * Level 2.4(1.7) Spellcasting
 * Level 4.0(3.2) Conjurations


You had 3 spell levels left.
You knew the following spells:

 Your Spells              Type           Power        Failure   Level  Hunger
a - Magic Dart            Conj           ###.         4%          1    #......
b - Searing Ray           Conj           ###...       6%          2    ###....

Your spell library contained the following spells:

 Spells                   Type           Power        Failure   Level  Hunger
 Dazzling Spray           Conj/Hex       #.....       24%         3    ###....
 Iskenderun's Mystic Bla  Conj           ###.....     36%         4    #####..
 Force Lance              Conj/Tloc      #.......     61%         4    #####..
 Fulminant Prism          Conj/Hex       #.........   61%         4    #####..


Dungeon Overview and Level Annotations

Branches:
Dungeon (1/15)

Annotations:
D:2 Sigmund


Innate Abilities, Weirdness & Mutations

You have an increased reservoir of magic. (+10% MP)


Message History

The magic dart hits Sigmund but does no damage.
Some of the chunks of flesh in your inventory have rotted away.
Casting: Magic Dart (safe; 4% risk of failure)
Confirm with . or Enter, or press ? or * to list all spells.
Aiming: Magic Dart (safe; 4% risk of failure)
Press: ? - help, Shift-Dir - straight line, f/p - Sigmund
Aim: Sigmund, wielding a +2 antimagic scythe and wearing a +2 robe of magic resistance The magic dart hits Sigmund but does no damage.
Sigmund casts a spell at you. The magic dart hits you!
Sigmund casts a spell at you.
You are confused.
You bump into the rock wall.
Sigmund casts a spell.
Sigmund flickers and vanishes!
Deactivating autopickup; reactivate with Ctrl-A.
You bump into the rock wall.
You bump into the rock wall.
Something hits you!!
Ouch! That really hurt!
You die...

#...............
#...............
#..............
...............
.....[.....#
......?....#
.#........{#
..######...# #...#@#
##.###.# #..###.#####
... ##.##.......# ....
#..##.......#
..S..#.###.......#
..K.......#.......#
####>.....#..รท....###
#..##...............


There were no monsters in sight!

Vanquished Creatures
  A worm (D:2)
  2 dart slugs (D:1)
  3 giant cockroaches (D:1)
  6 goblins
  5 hobgoblins (D:1)
  6 jackals
  5 bats
  A frilled lizard (D:2)
  4 kobolds (D:1)
  2 rats (D:1)
35 creatures vanquished.

Notes
Turn   | Place    | Note
-------+----------+-------------------------------------------
     0 | D:1      | Gadfly the Demigod Conjurer began the quest for the Orb.
     0 | D:1      | Reached XP level 1. HP: 14/14 MP: 5/5
   350 | D:1      | Reached XP level 2. HP: 11/22 MP: 1/7
   556 | D:1      | Learned a level 2 spell: Searing Ray
  1152 | D:1      | Reached XP level 3. HP: 26/27 MP: 9/9
  1290 | D:1      | You fall through a shaft!
  1291 | D:2      | Noticed Sigmund
  1307 | D:2      | Reached skill level 4 in Conjurations
  1564 | D:2      | Slain by Sigmund

Skill      XL: |  1  2  3 |
---------------+----------+-----
Dodging        | 2 |  2.3
Spellcasting   | 2 |  2.4
Conjurations   | 4 |  4.0
Fighting       | |  0.6
Stealth        | |  1.7

Action                   || total
-------------------------++-------
Melee: Dagger            ||    38
       Whip              ||    51
 Cast: Magic Dart        ||    23
       Searing Ray       ||     3
 Stab: Sleeping          ||     2
  Eat: Chunk             ||     3
Armor: Robe              ||    19
Dodge: Dodged            ||    82
